 Dungeon Crawl Stone Soup version 0.20.1-1-g8b1a95d (webtiles) character file.

2984 OldRogue the Gouger (level 9, -1/38 (39) HPs)
             Began as a Felid Chaos Knight on Nov 11, 2017.
             Slain by a komodo dragon (29 damage)
             ... on level 1 of the Lair of Beasts on Nov 14, 2017.
             The game lasted 03:12:34 (9810 turns).

OldRogue the Gouger (Felid Chaos Knight)            Turns: 9810, Time: 03:12:38

HP:   -1/38 (39)    AC:  2    Str: 10    XL:     9   Next: 53%
MP:   19/19         EV: 26    Int: 15    God:    Xom [*.....]
Gold: 306           SH:  0    Dex: 21    Spells: 8/8 levels left
                                        Lives: 0   Deaths: 2

rFire    . . .     SeeInvis +     - Unarmed
rCold    . . .     Gourm    .   (shield unavailable)
rNeg     . . .     Faith    .   (armour unavailable)
rPois    .         Spirit   .   (helmet unavailable)
rElec    .         Reflect  .   (cloak unavailable)
rCorr    .         Harm     .   (gloves unavailable)
MR       +....                  (boots unavailable)
Stlth    +++++.....             (no amulet)
Regen    0.2/turn               l - ring of magical power
MPRegen  0.2/turn               i - +4 ring of dexterity

@: cleaving, quick
A: no armour, no weapons or thrown items, stealth, claws 1, fangs 3, horns 1,
see invisible, carnivore 3, deterioration 1, speed 1, shaggy fur 2, slow
metabolism 1, strong 1, sharp paws
a: Renounce Religion


You were on level 1 of the Lair of Beasts.
You worshipped Xom.
You were a special plaything of Xom.
You were full.

You visited 2 branches of the dungeon, and saw 9 of its levels.

You collected 306 gold pieces.

Inventory:

Jewellery
 i - a +4 ring of dexterity (right paw)
 l - a ring of magical power (left paw)
Wands
 c - a wand of scattershot (0/9)
 h - a wand of lightning (0/15)
 s - a wand of polymorph (0/24)
Scrolls
 b - a scroll of amnesia
 e - a scroll of remove curse
 m - a scroll of magic mapping {unknown}
 n - 2 scrolls of immolation
 o - a scroll of fog
 p - a scroll of enchant weapon {unknown}
 q - a scroll of random uselessness {unknown}
 r - a scroll of teleportation
 u - a scroll of silence {unknown}
Potions
 d - a potion of magic {unknown}
 g - a potion of brilliance
 j - a potion of cancellation {unknown}
 k - a potion of invisibility {unknown}
Books
 t - a book of Maledictions

   Spells                             Type                      Level
   a - Corona                         Hexes                        1
   b - Ensorcelled Hibernation        Hexes/Ice                    2
   c - Confuse                        Hexes                        3
   d - Tukima's Dance                 Hexes                        3
   e - Dazzling Spray                 Conjuration/Hexes            3
Comestibles
 a - 8 meat rations
 f - 3 royal jellies


   Skills:
 + Level 4.0 Fighting
 + Level 8.6 Dodging
 + Level 8.3 Stealth
 + Level 11.8 Unarmed Combat
 + Level 1.3 Evocations


You had 8 spell levels left.
You didn't know any spells.

Dungeon Overview and Level Annotations

Branches:
Dungeon (8/15)             Temple (0/1) D:5            Lair (1/6) D:8

Altars:
Cheibriados
Elyvilon
Fedhas
Gozag
Hepliaklqana
Nemelex Xobeh
Qazlal
Trog
Uskayaw
Yredelemnul


Innate Abilities, Weirdness & Mutations

You cannot wear armour.
You are incapable of wielding weapons or throwing items.
Your paws allow you to move quietly. (Stealth)
You have sharp claws.
You have razor-sharp teeth.
You have supernaturally acute eyesight. (SInv)
You are carnivorous and can eat meat at any time.
You cover ground quickly.
You are covered in thick fur. (AC +2)
You have a slow metabolism.
Your sharp claws are effective at attacking unaware monsters.
You have a pair of small horns on your head.
Your body sometimes deteriorates upon taking damage.
Your muscles are strong. (Str +2)


Message History

You barely miss the komodo dragon.
You claw the komodo dragon, but do no damage.
The komodo dragon is lightly wounded.
The komodo dragon completely misses you.
You scratch the komodo dragon. You headbutt the komodo dragon.
The komodo dragon is moderately wounded.
The komodo dragon bites you.
Something bites the fungus.
You scratch the komodo dragon but do no damage.
You headbutt the komodo dragon, but do no damage.
The komodo dragon is moderately wounded.
You scratch the komodo dragon but do no damage.
The komodo dragon is moderately wounded.
The komodo dragon completely misses you.
You scratch the komodo dragon but do no damage.
You headbutt the komodo dragon.
The komodo dragon is heavily wounded.
The komodo dragon bites you!!
Ouch! That really hurt!
You die...
Xom cackles wildly! #P.PPPPPPP... ###P.PPPPPPP..P #..P.PPPPPP..PP ##P.P.PPPP..PPP

##.P...PP†P....P
#..P[.P..P.SP...
##....SS###.###
#####l## #@# #.#
#.# #.###
#.#P######
#...†....# PP
##†##...##...
####........
###.....###


You could see a komodo dragon and 2 adders.

Vanquished Creatures
  A two-headed ogre (D:4)
  3 blink frogs (Lair:1)
  Sigmund (D:5)
  Menkaure (D:5)
  A warg (D:6)
  2 hell hounds (D:8)
  A porcupine (Lair:1)
  The ghost of Zeege the Ruffian, an amateur TrMo (D:3)
  A black bear (D:7)
  3 phantoms
  A necrophage (D:7)
  2 ogres
  2 bullfrogs
  2 killer bees (D:7)
  13 wights
  A howler monkey (D:6)
  A bullfrog zombie (D:8)
  3 crimson imps
  A hound (D:6)
  Crazy Yiuf (D:5)
  A jelly (D:6)
  An orc priest (D:6)
  A gnoll shaman (D:6)
  2 orc wizards
  3 iguanas
  6 worker ants
  A hound zombie (D:5)
  2 hound skeletons
  8 gnolls
  A howler monkey skeleton (D:4)
  12 adders
  4 shadow imps
  2 dart slugs (D:1)
  A leopard gecko (D:1)
  8 orcs
  A ball python (D:3)
  13 giant cockroaches
  6 goblins
  3 hobgoblins
  7 jackals
  3 quokkas
  10 bats
  4 frilled lizards
  5 kobolds
  A leopard gecko skeleton (D:5)
  7 rats
155 creatures vanquished.

Vanquished Creatures (collateral kills)
  An orc warrior (D:7)
  An electric eel (D:8)
2 creatures vanquished.

Vanquished Creatures (others)
  A fungus (Lair:1)
1 creature vanquished.

Grand Total: 158 creatures vanquished

Notes
Turn   | Place    | Note
-------+----------+-------------------------------------------
     0 | D:1      | OldRogue the Felid Chaos Knight began the quest for the Orb.
     0 | D:1      | Reached XP level 1. HP: 10/10 MP: 2/2
   141 | D:1      | XOM: harmless Hex miscast
   172 | D:1      | XOM: divination: detect items
   184 | D:1      | XOM: harmless Hex miscast
   288 | D:1      | Reached XP level 2. HP: 13/14 MP: 3/3
   570 | D:1      | XOM: harmless Summ miscast
   617 | D:1      | XOM: mild Summ miscast
   685 | D:1      | XOM: butterfly on damage
   804 | D:1      | XOM: harmless Fire miscast
  1442 | D:2      | Found a basalt altar of Yredelemnul.
  1467 | D:2      | XOM: silly message
  1527 | D:2      | Found an opulent altar of Gozag.
  1706 | D:2      | XOM: butterfly on damage
  1719 | D:2      | XOM: divination: detect creatures
  1735 | D:2      | XOM: harmless Ice miscast
  1781 | D:2      | XOM: medium Necr miscast
  1990 | D:3      | XOM: summons 4 hostile shadow creatures
  1991 | D:3      | Noticed a crimson imp
  1997 | D:3      | Noticed Zeege's ghost (amateur TrMo)
  1999 | D:3      | Reached XP level 3. HP: 9/17 MP: 4/4
  2149 | D:3      | XOM is BORED!
  2149 | D:3      | XOM: draining
  2288 | D:3      | Found a white marble altar of Elyvilon.
  2289 | D:3      | Found a stormy altar of Qazlal.
  2533 | D:3      | Gained mutation: You tend to lose your temper in combat. [potion of mutation]
  2533 | D:3      | Gained mutation: Your magical capacity is low. (-10% MP) [potion of mutation]
  2533 | D:3      | Gained mutation: You are partially covered in yellow scales. (AC +2) [potion of mutation]
  2537 | D:3      | Killed Zeege's ghost
  2537 | D:3      | Reached skill level 1 in Stealth
  2537 | D:3      | Reached skill level 4 in Unarmed Combat
  2537 | D:3      | Reached XP level 4. HP: 5/21 MP: 4/4
  2537 | D:3      | Reached XP level 5. HP: 6/24 MP: 5/5
  2651 | D:3      | XOM: summons 2 hostile demons
  2652 | D:3      | Noticed a soul eater
  2659 | D:2      | XOM: harmless Hex miscast
  2831 | D:2      | XOM: summons 3 hostile shadow creatures
  3010 | D:2      | XOM: severe Tmut miscast
  3184 | D:3      | Reached skill level 5 in Unarmed Combat
  3884 | D:4      | Noticed a two-headed ogre
  3892 | D:4      | Killed a two-headed ogre
  3892 | D:4      | Reached skill level 5 in Dodging
  3892 | D:4      | Reached skill level 7 in Unarmed Combat
  3892 | D:4      | Gained mutation: You are covered in thick fur. (AC +2) [Felid growth]
  3892 | D:4      | Reached XP level 6. HP: 28/28 MP: 6/6
  3892 | D:4      | Reached XP level 7. HP: 31/31 MP: 7/7
  3907 | D:4      | Lost mutation: Your magical capacity is low. (-10% MP) [potion of mutation]
  3907 | D:4      | Lost mutation: You tend to lose your temper in combat. [potion of mutation]
  3907 | D:4      | Lost mutation: You are partially covered in yellow scales. (AC +2) [potion of mutation]
  3907 | D:4      | Gained mutation: Your body sometimes deteriorates upon taking damage. [potion of mutation]
  3907 | D:4      | Gained mutation: You have a pair of small horns on your head. [potion of mutation]
  4192 | D:5      | Entered Level 5 of the Dungeon
  4211 | D:5      | Found a hide-covered altar of Uskayaw.
  4268 | D:5      | Found a staircase to the Ecumenical Temple.
  4339 | D:5      | Reached skill level 8 in Unarmed Combat
  4534 | D:5      | XOM: summons 3 hostile demons
  4535 | D:5      | Noticed an ice devil
  4579 | D:5      | HP: 1/31 [ice devil[Xom] (12)]
  4579 | D:5      | XOM: butterfly on damage
  4789 | D:5      | XOM: draining
  4913 | D:5      | Found a runed door.
  4913 | D:5      | Noticed Menkaure
  4915 | D:5      | Killed Menkaure
  4915 | D:5      | Reached XP level 8. HP: 34/34 MP: 9/9
  4918 | D:5      | Noticed Crazy Yiuf
  4922 | D:5      | Killed Crazy Yiuf
  4950 | D:5      | Noticed Sigmund
  4957 | D:5      | Killed Sigmund
  4957 | D:5      | Reached skill level 5 in Stealth
  5113 | D:6      | XOM: butterfly on damage
  5134 | D:6      | XOM: enchant monster (bad)
  5142 | D:7      | HP: 1/34 [black bear (3)]
  5359 | D:7      | XOM: draining
  5401 | D:7      | XOM: fog
  5570 | D:6      | Reached skill level 9 in Unarmed Combat
  5595 | D:6      | XOM: confusion (+ monsters)
  5600 | D:6      | XOM: blink monster(s)
  5610 | D:6      | Hit by a stone thrown by an orc warrior
  5611 | D:6      | Reached XP level 7. HP: -8/31 MP: 17/17
  5625 | D:6      | XOM: mild Summ miscast
  5726 | D:6      | XOM: divination: magic mapping
  5737 | D:6      | XOM: god gift: phantom mirror
  5796 | D:6      | XOM: butterfly on damage
  5805 | D:6      | Reached XP level 8. HP: 13/34 MP: 9/9
  5977 | D:6      | XOM: medium Pois miscast
  5986 | D:6      | XOM: swap monsters
  5986 | D:6      | Slain by a wight
  5987 | D:6      | Reached XP level 7. HP: -3/31 MP: 17/17
  6121 | D:6      | XOM: enchant monster (bad)
  6132 | D:6      | XOM: blink monster(s)
  6133 | D:6      | XOM: cast spell 'Leda's Liquefaction'
  6439 | D:6      | XOM: mild Pois miscast
  6458 | D:6      | XOM: chaos upgrade
  6468 | D:6      | Reached skill level 10 in Unarmed Combat
  6545 | D:6      | XOM: severe Pois miscast
  6674 | D:6      | XOM: mild Tmut miscast
  6987 | D:6      | XOM: summons friendly iron imp
  7082 | D:6      | XOM: potion effect (invisibility)
  7368 | D:7      | XOM: potion effect (curing)
  7371 | D:7      | Reached XP level 8. HP: 35/35 MP: 9/9
  7374 | D:7      | Reached skill level 1 in Evocations
  7399 | D:7      | XOM: give mutation
  7399 | D:7      | Gained mutation: Your muscles are strong. (Str +2) [Xom's grace]
  7547 | D:7      | XOM: divination: detect items
  7568 | D:7      | XOM: 9-stop teleportation journey
  7720 | D:7      | XOM: god gift: war axe {god gift}
  7723 | D:7      | XOM: polymorph killer bee -> gnoll
  7864 | D:7      | XOM: 4-stop teleportation journey
  7988 | D:7      | XOM: harmless Fire miscast
  8290 | D:7      | Reached skill level 11 in Unarmed Combat
  8738 | D:8      | Noticed a moth of wrath
  8775 | D:8      | Found a staircase to the Lair.
  8781 | D:8      | XOM: noise
  8832 | D:7      | XOM: swap monsters
  8835 | D:7      | XOM: noise
  8852 | D:7      | XOM: harmless Ice miscast
  8854 | D:7      | XOM: summons 8 friendly demons
  8866 | D:7      | Reached XP level 9. HP: 4/38 MP: 10/10
  8869 | D:7      | XOM: noise
  9181 | D:8      | Found a bloodstained altar of Trog.
  9181 | D:8      | XOM: 2-stop teleportation journey
  9220 | D:8      | Found a hazy altar of Hepliaklqana.
  9235 | D:8      | Found an opulent altar of Gozag.
  9235 | D:8      | Found a sparkling altar of Nemelex Xobeh.
  9235 | D:8      | Found a snail-covered altar of Cheibriados.
  9444 | D:8      | Found a blossoming altar of Fedhas.
  9522 | D:8      | XOM: stat loss: -1 Int (14/15)
  9532 | D:8      | XOM: summons 6 friendly demons
  9744 | Lair:1   | Entered Level 1 of the Lair of Beasts
  9747 | Lair:1   | XOM: butterfly on damage
  9782 | Lair:1   | Noticed a komodo dragon
  9783 | Lair:1   | Noticed a komodo dragon
  9791 | Lair:1   | XOM: cleaving
  9810 | Lair:1   | Slain by a komodo dragon

Skill      XL: |  1  2  3  4  5  6  7  8  9 |
---------------+----------------------------+-----
Dodging        | 4 5 7 8 |  8.6
Stealth        | 1 4 7 6 8 |  8.3
Unarmed Combat | 4 7 10 11 | 11.8
Evocations     | 1 |  1.3
Fighting       | 4 |  4.0

Action                   |  1- 3 |  4- 6 |  7- 9 || total
-------------------------+-------+-------+-------++-------
Melee: Unarmed           |   114 |    78 |   366 ||   558
       Bite              |     6 |    10 |    60 ||    76
       Punch             |     1 |     1 |    17 ||    19
       Headbutt          |       |       |    69 ||    69
Evoke: Wand              |       |     1 |     7 ||     8
       Phantom mirror    |       |       |     1 ||     1
  Use: Scroll            |     7 |     2 |     8 ||    17
       Potion            |     9 |       |     8 ||    17
 Stab: Sleeping          |     3 |       |    16 ||    19
       Distracted        |       |       |     4 ||     4
       Confused          |       |       |     2 ||     2
  Eat: Chunk             |    10 |     2 |    20 ||    32
Armor: Skin              |    11 |    11 |     4 ||    26
Dodge: Dodged            |    89 |    94 |   309 ||   492
